 Dungeon Sprint DCSS version 0.20.1-1-g8b1a95d (webtiles) character file.

7475 potatolord6000 the Severer (level 11, -2/111 HPs)
             Began as a Hill Orc Fighter on Aug 31, 2017.
             Was the Champion of Beogh.
             Asphyxiated
             ... in the Dungeon (Sprint VII: "The Pits").
             The game lasted 00:06:22 (1752 turns).

potatolord6000 the Severer (Hill Orc Fighter)       Turns: 1752, Time: 00:06:22

Health: -2/111     AC: 20    Str: 21 (23) XL:     11   Next: 15%
Magic:  5/21       EV:  8    Int:  9 (11) God:    Beogh [******]
Gold:   0          SH: 13    Dex: 13      Spells: 10/10 levels left

rFire    . . .     SeeInvis .   w - +1 broad axe (elec)
rCold    . . .     Gourm    .   c - +0 shield
rNeg     . . .     Faith    .   x - +4 chain mail
rPois    .         Spirit   .   (no helmet)
rElec    .         Reflect  .   b - +0 cloak
rCorr    .         Harm     .   (no gloves)
MR       .....     NoTele   +   s - +0 pair of boots
Stlth    ..........             (no amulet)
Regen    0.3/turn               d - +3 ring of dexterity
MPRegen  0.2/turn               r - +3 ring of intelligence

@: lethally poisoned (-2 -> -149)
A: walk on water
a: Smiting, Recall Orcish Followers, Give Item to Named Follower, Resurrection,
Renounce Religion


You were in the Dungeon.
You worshipped Beogh.
Beogh was exalted by your worship.
You were very full.

You visited 1 branch

Inventory:

Hand Weapons
 w - a +1 broad axe of electrocution (weapon)
Armour
 b - a +0 cloak (worn)
 c - a +0 shield (worn)
 s - a +0 pair of boots (worn)
 x - a +4 chain mail (worn)
Jewellery
 d - a +3 ring of dexterity (left hand)
 r - a +3 ring of intelligence (right hand)
Scrolls
 k - a scroll of blinking
 m - 3 scrolls of remove curse
 n - 5 scrolls of amnesia
 o - a scroll of summoning
Potions
 e - 9 potions of curing
 g - 5 potions of heal wounds
 i - 4 potions of magic
 j - 4 potions of berserk rage
 l - 2 potions of invisibility
 t - 2 potions of resistance
 u - a potion of brilliance
Comestibles
 f - 8 bread rations
 p - 40 fruits
 q - 5 meat rations


   Skills:
 + Level 14.4 Fighting
 + Level 15.1 Axes
 + Level 13.4 Armour
 + Level 13.4 Shields
 + Level 14.1 Invocations


You had 10 spell levels left.
You didn't know any spells.

Dungeon Overview and Level Annotations

Branches:
Dungeon (1/1)

Altars:
Ashenzari
Cheibriados
Dithmenos
Elyvilon
Fedhas
Gozag
Hepliaklqana
Kikubaaqudgha
Makhleb
Nemelex Xobeh
Okawaru
Qazlal
Ru
Sif Muna
Trog
Uskayaw
Vehumet
Xom
Yredelemnul
Zin
The Shining One
Beogh
Jiyva
Lugonu

Annotations:
D Sonja


Message History

You block the eight-headed hydra's attack.
The eight-headed hydra bites you but does no damage.
Unknown command.
Unknown command.
You swap places.
* * * LOW HITPOINT WARNING * * *
You feel extremely sick.
The killer bee stings you but does no damage.
The redback bites your orc warrior!
The killer bee stings you but does no damage.
Your orc warrior hits the redback with a trident!!
The redback dies!
Beogh accepts your kill.
Your orc warrior looks more experienced.
Sonja shoots a curare-tipped needle.
The curare-tipped needle closely misses your orc warrior.
The curare-tipped needle hits you.
You are more poisoned.
You have difficulty breathing.
You die...

#### ############## ### #
## .............###..#
....#
..............#..##.#.#.#
##...#'######..†##......#
.#####.##...##'##.#.#.#.#
...##...#...#...#lD.....#
....#...#÷..#..o#x{.....#
....'...'.|.'..o@o.K....+
....#...#...#..o#yDy....#
...##...#...#...#C......#
.#####.##...##'##.#.#.#.#
##...#'######...##......#
..............#..##.#.#.#
.....).......# #..# ....#
############## ### # ##


You could see an eight-headed hydra, a cyclops, a komodo dragon, a steam dragon,
Sonja, a small abomination, 2 killer bees, 3 friendly orc warriors and a
friendly orc wizard (invisible).

Vanquished Creatures
  A fire dragon (D)
  A shadow wraith (D)
  A flayed ghost (D)
  2 unseen horrors (D)
  A black mamba (D)
  An ice devil (D)
  A hellwing (D)
  A bog body (D)
  3 blink frogs (D)
  A hippogriff (D)
  A snapping turtle (D)
  5 yaks (D)
  A large abomination (D)
  A water moccasin (D)
  A porcupine (D)
  A floating eye (D)
  An ice beast (D)
  2 black bears (D)
  A necrophage (D)
  An ogre (D)
  A crocodile (D)
  2 small abominations (D)
  A big kobold (D)
  Crazy Yiuf (D)
  An orc wizard (D)
  Terence (D)
  A worker ant (D)
  3 adders (D)
  A white imp (D)
  An ufetubus (D)
  An adder skeleton (D)
  A worm (D)
  A leopard gecko (D)
  3 orcs (D)
  2 ball pythons (D)
  2 bat skeletons (D)
  2 kobolds (D)
  A quokka (D)
54 creatures vanquished.

Vanquished Creatures (collateral kills)
  A flayed ghost (D)
  A polar bear (D)
  A redback (D)
3 creatures vanquished.

Vanquished Creatures (others)
  A wolf (D)
  2 killer bees (D)
  An orc (D)
4 creatures vanquished.

Grand Total: 61 creatures vanquished

Notes
Turn   | Place    | Note
-------+----------+-------------------------------------------
     0 | D        | potatolord6000 the Hill Orc Fighter began the quest for the Orb.
     0 | D        | Reached XP level 1. HP: 19/19 MP: 1/1
    24 | D        | Found a bloodstained altar of Trog.
    24 | D        | Found a deep blue altar of Sif Muna.
    24 | D        | Found a viscous altar of Jiyva.
    24 | D        | Found a hazy altar of Hepliaklqana.
    24 | D        | Found an opulent altar of Gozag.
    55 | D        | Found a glowing golden altar of the Shining One.
    55 | D        | Found a glowing silver altar of Zin.
    55 | D        | Found a basalt altar of Yredelemnul.
    55 | D        | Found a shimmering altar of Xom.
    55 | D        | Found a sacrificial altar of Ru.
    55 | D        | Found a stormy altar of Qazlal.
    55 | D        | Found an iron altar of Okawaru.
    55 | D        | Found a sparkling altar of Nemelex Xobeh.
    55 | D        | Found a burning altar of Makhleb.
    55 | D        | Found a blossoming altar of Fedhas.
    55 | D        | Found a white marble altar of Elyvilon.
    55 | D        | Found a shadowy altar of Dithmenos.
    55 | D        | Found a snail-covered altar of Cheibriados.
    58 | D        | Found a corrupted altar of Lugonu.
    58 | D        | Found a radiant altar of Vehumet.
    58 | D        | Found a roughly hewn altar of Beogh.
    59 | D        | Found an ancient bone altar of Kikubaaqudgha.
    59 | D        | Found a hide-covered altar of Uskayaw.
    59 | D        | Found a shattered altar of Ashenzari.
    67 | D        | Became a worshipper of Beogh the Brigand
    89 | D        | Reached skill level 3 in Axes
   183 | D        | Noticed a floating eye
   185 | D        | Paralysed by a floating eye for 3 turns
   188 | D        | Killed a floating eye
   188 | D        | Reached * piety under Beogh
   188 | D        | Reached skill level 6 in Axes
   188 | D        | Reached skill level 5 in Shields
   188 | D        | Reached XP level 2. HP: 31/31 MP: 2/2
   188 | D        | Reached XP level 3. HP: 38/38 MP: 3/3
   188 | D        | Reached XP level 4. HP: 45/45 MP: 4/4
   197 | D        | Noticed a big kobold
   200 | D        | Reached ** piety under Beogh
   210 | D        | Killed a big kobold
   210 | D        | Reached skill level 7 in Axes
   210 | D        | Reached XP level 5. HP: 23/52 MP: 4/7
   454 | D        | Noticed a porcupine
   463 | D        | Reached *** piety under Beogh
   464 | D        | Killed a porcupine
   464 | D        | Reached skill level 8 in Axes
   464 | D        | Reached skill level 5 in Invocations
   464 | D        | Reached XP level 6. HP: 55/62 MP: 7/9
   469 | D        | Noticed Terence
   479 | D        | Killed Terence
   479 | D        | Reached **** piety under Beogh
   486 | D        | Noticed Crazy Yiuf
   490 | D        | Killed Crazy Yiuf
   493 | D        | Noticed a bog body
   498 | D        | Killed a bog body
   498 | D        | Reached skill level 9 in Axes
   498 | D        | Reached XP level 7. HP: 67/70 MP: 10/12
   633 | D        | Reached ***** piety under Beogh
   638 | D        | Reached skill level 10 in Fighting
   638 | D        | Reached skill level 10 in Axes
   712 | D        | Noticed a hellwing
   715 | D        | Killed a hellwing
   715 | D        | Reached XP level 8. HP: 80/80 MP: 6/14
   859 | D        | Noticed a hippogriff
   859 | D        | Noticed a yak
   859 | D        | Noticed a yak
   859 | D        | Noticed a yak
   859 | D        | Noticed a yak
   859 | D        | Noticed a yak
   865 | D        | Killed a yak
   865 | D        | Reached skill level 11 in Axes
   865 | D        | Reached skill level 10 in Armour
   865 | D        | Reached skill level 10 in Shields
   865 | D        | Killed a yak
   867 | D        | Killed a yak
   869 | D        | Killed a yak
   869 | D        | Reached skill level 10 in Invocations
   869 | D        | Reached XP level 9. HP: 73/89 MP: 14/16
   872 | D        | Reached skill level 12 in Axes
   874 | D        | Reached ****** piety under Beogh
   890 | D        | Noticed a black mamba
   892 | D        | Killed a black mamba
   899 | D        | Killed an unseen horror
   901 | D        | Reached skill level 13 in Axes
   916 | D        | Reached XP level 10. HP: 49/100 MP: 18/18
  1208 | D        | Killed an unseen horror
  1370 | D        | Noticed a fire dragon
  1373 | D        | Killed a fire dragon
  1373 | D        | Reached skill level 14 in Axes
  1545 | D        | Noticed a flayed ghost
  1545 | D        | Noticed a flayed ghost
  1552 | D        | Killed a flayed ghost
  1555 | D        | Killed a flayed ghost
  1555 | D        | Reached XP level 11. HP: 110/110 MP: 19/21
  1562 | D        | Killed a shadow wraith
  1741 | D        | Noticed a cyclops
  1742 | D        | Noticed a six-headed hydra
  1742 | D        | Noticed Sonja
  1744 | D        | Reached skill level 15 in Axes
  1752 | D        | Asphyxiated

Skill      XL: |  1  2  3  4  5  6  7  8  9 10 11 |
---------------+----------------------------------+-----
Axes           | 6 7 8 9 10 11 13 14 15 | 15.1
Fighting       | 6 7 8 9 10 11 12 14 | 14.4
Armour         | 6 7 8 9 10 11 13 | 13.4
Shields        | 5 6 7 8 9 10 11 13 | 13.4
Invocations    | 3 5 7 8 10 11 13 14 | 14.1

Action                   |  1- 3 |  4- 6 |  7- 9 | 10-12 || total
-------------------------+-------+-------+-------+-------++-------
Melee: Hand axe          |    11 |    40 |    32 |       ||    83
       War axe           |     5 |       |       |       ||     5
       Broad axe         |       |       |    32 |    63 ||    95
Invok: Smiting           |       |       |     3 |     4 ||     7
  Use: Potion            |       |     1 |     2 |     5 ||     8
  Eat: Meat ration       |       |       |       |     2 ||     2
Armor: Scale mail        |     6 |     5 |       |       ||    11
       Plate armour      |       |     7 |    10 |       ||    17
       Chain mail        |       |       |    14 |   127 ||   141
Dodge: Dodged            |       |     9 |     6 |    26 ||    41
Block: Shield            |     7 |    27 |    30 |    54 ||   118
